 Dungeon Crawl Stone Soup version 0.17-a0-1596-g1e86911 (webtiles) character file.

63 Oddball22 the Slasher (level 3, -2/25 HPs)
             Began as a High Elf Skald on July 30, 2015.
             Slain by an orc priest
             ... wielding a +0 dagger
              (6 damage)
             ... on level 3 of the Dungeon.
             The game lasted 00:08:26 (2755 turns).

Oddball22 the Slasher (High Elf Skald)              Turns: 2755, Time: 00:08:26

Health: -2/25      AC:  4    Str: 11    XL:     3   Next: 89%
Magic:  4/7        EV: 12    Int: 16    God:
Gold:   112        SH:  0    Dex: 15    Spells: 3 memorised, 1 level left

rFire  . . .     SeeInvis .     a - +0 falchion
rCold  . . .     Clarity  .     b - +0 leather armour
rNeg   . . .     SustAt   .     (no shield)
rPois  .         Gourm    .     n - +0 helmet
rElec  .         Spirit   .     (no cloak)
rCorr  .         Warding  .     (no gloves)
rMut   .         Stasis   .     (no boots)
MR     .....                    (no amulet)
Stlth  +.........               (no ring)
                                f - ring of flight

@: singing, not resistant to hostile enchantments, very unstealthy
A: no striking features
a: Stop Singing, Evoke Flight


You were on level 3 of the Dungeon.
You were hungry.

You visited 1 branch of the dungeon, and saw 3 of its levels.

You collected 112 gold pieces.

Inventory:

Hand weapons
 a - a +0 falchion (weapon)
 k - a +2 vampiric dagger
Armour
 b - a +0 leather armour (worn)
 n - a +0 helmet (worn)
Jewellery
 f - a ring of flight (left hand)
Magical devices
 r - a wand of digging (17)
Scrolls
 g - a scroll of magic mapping {unknown}
 h - 2 scrolls of identify
 l - a scroll of recharging {unknown}
 m - a scroll of random uselessness {unknown}
 p - a scroll of enchant weapon {unknown}
 q - a scroll of remove curse {unknown}
Potions
 e - 2 potions of degeneration {unknown}
 i - a potion of haste {unknown}
 j - 2 potions of agility {unknown}
 o - a potion of heal wounds {unknown}
Books
 c - a book of Battle

   Spells                             Type                      Level
   a - Infusion                       Charms                       1
   b - Shroud of Golubria             Charms/Translocation         2
   c - Song of Slaying                Charms                       2
   d - Spectral Weapon                Hexes/Charms                 3
   e - Regeneration                   Charms/Necromancy            3
Comestibles
 d - 2 bread rations


   Skills:
 + Level 2.3 Fighting
 * Level 4.0 Long Blades
 - Level 0.8 Armour
 + Level 2.6 Dodging
 - Level 2.4 Spellcasting
 - Level 3.6 Charms


You had one spell level left.
You knew the following spells:

 Your Spells              Type           Power        Failure   Level  Hunger
a - Infusion              Chrm           ##....       8%          1    #......
b - Song of Slaying       Chrm           ##......     12%         2    ###....
c - Shroud of Golubria    Chrm/Tloc      #.........   21%         2    ###....


Dungeon Overview and Level Annotations

Branches:
Dungeon (3/15)

Altars:
The Shining One


Message History

You are too injured to fight recklessly!
You are too injured to fight recklessly!
You are too injured to fight recklessly!
You closely miss the orc. The orc closely misses you.
The orc closely misses you.
You hit the orc but do no damage. The orc hits you.
* * * LOW HITPOINT WARNING * * *
You hit the orc.
The orc is almost dead.
The orc closely misses you.
You hit the orc.
You kill the orc!
Your Long Blades skill increases to level 4!
You slash the orc priest!
The orc priest is heavily wounded.
The orc priest hits you but does no damage.
You hit the orc priest but do no damage.
The orc priest is heavily wounded.
The orc priest hits you with a dagger.
You die...

+.........'......
#........o#
#.......##
##.....## ##...##
##'## #.# #o#
##@## ##...##
#.....# ##...##
##.##
#######.#####.#
.......<......#
#######.#######
#.#


You could see an orc priest.

Vanquished Creatures
  An adder (D:2)
  An ooze (D:1)
  A worm (D:2)
  2 giant geckos (D:1)
  3 orcs (D:3)
  4 bats
  5 giant cockroaches
  5 goblins
  2 hobgoblins
  3 jackals (D:1)
  6 kobolds
  A quokka (D:2)
  2 giant newts
  5 rats
41 creatures vanquished.

Notes
Turn   | Place    | Note
--------------------------------------------------------------
     0 | D:1      | Oddball22 the High Elf Skald began the quest for the Orb.
     0 | D:1      | Reached XP level 1. HP: 14/14 MP: 4/4
   314 | D:1      | Reached XP level 2. HP: 19/19 MP: 3/6
   644 | D:1      | Learned a level 2 spell: Song of Slaying
   647 | D:1      | Learned a level 2 spell: Shroud of Golubria
  1212 | D:1      | Reached XP level 3. HP: 10/24 MP: 4/7
  2066 | D:2      | Found a glowing golden altar of the Shining One.
  2753 | D:3      | Reached skill level 4 in Long Blades
  2755 | D:3      | Slain by an orc priest

Vault maps used:
D:1:      tarquinn_simple_flora_water_f
D:2:      nicolae_tso_swordbearing_angel
D:3:      minitemple, first_bread, uniq_iyjb

Action                   || total
-------------------------++-------
Melee: Falchion          ||   171
 Cast: Infusion          ||    11
       Song of Slaying   ||     2
       Shroud of Golubri ||     1
  Use: Scroll            ||     1
  Eat: Chunk             ||     4
       Pizza             ||     1
